 Dungeon Sprint DCSS version 0.27.1-1-g398f81649c (webtiles) character file.

Game seed: 14534701546459780596

3471 ugugthedestroyer the Blocker (level 10, -7/68 HPs)
             Began as a Gargoyle Fighter on Sept 11, 2021.
             Was the Champion of the Shining One.
             Killed by divine providence
             ... invoked by a smoke demon
              (13 damage)
             ... in the Dungeon (Sprint VII: "The Pits").
             The game lasted 00:08:12 (1401 turns).

ugugthedestroyer the Blocker (Gargoyle Fighter)     Turns: 1401, Time: 00:08:12

Health: -7/68      AC: 26    Str: 23    XL:     10   Next: 6%
Magic:  7/16       EV:  7    Int: 12    God:    the Shining One [******]
Gold:   0          SH: 13    Dex: 12    Spells: 9/9 levels left

rFire    . . .     SeeInvis .   s - +2 morningstar (protect)
rCold    . . .     Faith    .   c - +0 kite shield
rNeg     + + +     Spirit   .   u - +3 plate armour
rPois    ∞         Reflect  .   (no helmet)
rElec    +         Harm     .   t - +0 cloak
rCorr    .         Rampage  .   (no gloves)
Will     .....     NoTele   +   (no boots)
Stlth    ..........             (no amulet)
HPRegen  0.21/turn              q - +3 ring of intelligence
MPRegen  0.15/turn              r - +3 ring of dexterity

@: glowing
A: sickness immunity, AC +7, negative energy resistance 1, electricity
resistance, torment resistance 1, petrification resistance
a: Renounce Religion, Divine Shield, Cleansing Flame, Summon Divine Warrior,
Brand Weapon With Holy Wrath


You were in the Dungeon.
You worshipped the Shining One.
The Shining One was exalted by your worship.
You visited 1 branch

Inventory:

Hand Weapons
 a - a +0 flail
 k - a +2 mace
 p - a +1 flail of protection
 s - a +2 morningstar of protection (weapon)
Armour
 b - a +0 scale mail
 c - a +0 kite shield (worn)
 o - a +3 scale mail
 t - a +0 cloak (worn)
 u - a +3 plate armour (worn)
Jewellery
 q - a +3 ring of intelligence (left hand)
 r - a +3 ring of dexterity (right hand)
Scrolls
 j - a scroll of blinking
 m - 5 scrolls of amnesia
 n - a scroll of summoning
Potions
 d - a potion of might
 e - 8 potions of curing
 g - 2 potions of haste
 h - 4 potions of magic
 i - 2 potions of berserk rage
 l - 2 potions of invisibility


   Skills:
 + Level 10.8 Fighting
 + Level 12.0 Maces & Flails
 + Level 11.1 Armour
 - Level 0.8 Stealth
 + Level 12.9 Shields
 * Level 8.4 Invocations


You had 9 spell levels left.
You didn't know any spells.
Your spell library was empty.

Dungeon Overview and Level Annotations

Branches:
Dungeon (1/1)

Altars:
Ashenzari
Cheibriados
Dithmenos
Elyvilon
Fedhas
Gozag
Hepliaklqana
Kikubaaqudgha
Makhleb
Nemelex Xobeh
Okawaru
Qazlal
Ru
Sif Muna
Trog
Uskayaw
Vehumet
Wu Jian
Xom
Yredelemnul
Zin
The Shining One
Beogh
Jiyva
Lugonu


Innate Abilities, Weirdness & Mutations

You are immune to sickness and miasma.
Your stone body is resilient. (AC +7)
You are immune to poison.
You resist negative energy. (rN+)
You are resistant to electric shocks. (rElec)
You are resistant to unholy torment.
You are immune to petrification.


Message History

* * * LOW HITPOINT WARNING * * *
You block the emperor scorpion's attack. x2
Unknown command.
Unknown command.
You barely miss the emperor scorpion.
The emperor scorpion is severely wounded.
A wight comes into view. It is wielding a +3 dire flail.
The emperor scorpion stings you but does no damage.
The emperor scorpion claws you but does no damage.
You block the emperor scorpion's attack.
Unknown command.
Unknown command.
Unknown command.
You barely miss the emperor scorpion.
The emperor scorpion is severely wounded.
The emperor scorpion stings you!
* * * LOW HITPOINT WARNING * * *
The emperor scorpion claws you but does no damage. x2
Unknown command.
Unknown command.
Unknown command.
Okay, then.
Unknown command.
Unknown command.
Unknown command.
Unknown command.
The redback bites you but does no damage.
A smoke demon comes into view.
Okay, then.
You block the redback's attack. You block the redback's attack.
A wight comes into view. It is wielding a +0 falchion.
You block the redback's attack. The emperor scorpion stings you!
The Shining One protects you from harm!
You block the emperor scorpion's attack. x2
The wight moves out of view.
The wight completely misses you. You block the redback's attack.
The smoke demon gestures at you. Something smites you!
You die...

...............#
.....#..#......#
...............+
...............+
.....#..#......#
...............#
##'#####''###### ......##''#
######## ##### ......##..#
##†.@szs###...##
......##..###††#'#z..3.....#
..<...##).##.†##.##.....#...#
......##..##†##...##...###..#
......##..####.....##z## #.#
......##...##......#...# ..#
########....'......+...+ .+
########...##).....#...# #
.#...[##..####.....##.##


You could see an emperor scorpion, a smoke demon, a redback and 3 wights.

Vanquished Creatures
  An orc sorcerer (D)
  A merfolk siren (D)
  A smoke demon (D)
  A freezing wraith (D)
  A tyrant leech (D)
  A polar bear (D)
  A tarantella (D)
  A flying skull (D)
  2 wraiths (D)
  A swamp drake (D)
  2 floating eyes (D)
  A sky beast (D)
  4 wolves (D)
  2 centaurs (D)
  A gnoll sergeant (D)
  A bullfrog (D)
  2 quasits (D)
  An orc wizard (D)
  A mummy (D)
  6 gnolls (D)
  An adder (D)
  A river rat (D)
  A white imp (D)
  An orc (D)
  A bat skeleton (D)
  A giant cockroach (D)
  A goblin (D)
  A hobgoblin (D)
  A ball python (D)
  2 giant cockroach zombies (D)
  A kobold (D)
44 creatures vanquished.

Vanquished Creatures (others)
  A black mamba (D)
  2 wolves (D)
  A phantom (D)
4 creatures vanquished.

Grand Total: 48 creatures vanquished

Notes
Turn   | Place    | Note
-------+----------+-------------------------------------------
     0 | D        | ugugthedestroyer the Gargoyle Fighter began the quest for
                  | the Orb.
     0 | D        | Reached XP level 1. HP: 14/14 MP: 1/1
    40 | D        | Found a bloodstained altar of Trog.
    40 | D        | Found a shimmering blue altar of Sif Muna.
    40 | D        | Found a viscous altar of Jiyva.
    40 | D        | Found a hazy altar of Hepliaklqana.
    40 | D        | Found an opulent altar of Gozag.
    41 | D        | Found a glowing golden altar of the Shining One.
    41 | D        | Found a glowing silver altar of Zin.
    41 | D        | Found a basalt altar of Yredelemnul.
    41 | D        | Found a shimmering altar of Xom.
    41 | D        | Found an ornate altar of the Wu Jian Council.
    41 | D        | Found a sacrificial altar of Ru.
    41 | D        | Found a stormy altar of Qazlal.
    41 | D        | Found an iron altar of Okawaru.
    41 | D        | Found a sparkling altar of Nemelex Xobeh.
    41 | D        | Found a burning altar of Makhleb.
    41 | D        | Found a blossoming altar of Fedhas.
    41 | D        | Found a white marble altar of Elyvilon.
    41 | D        | Found a shadowy altar of Dithmenos.
    41 | D        | Found a snail-covered altar of Cheibriados.
    43 | D        | Found a radiant altar of Vehumet.
    43 | D        | Found a corrupted altar of Lugonu.
    44 | D        | Found a hide-covered altar of Uskayaw.
    44 | D        | Found an ancient bone altar of Kikubaaqudgha.
    44 | D        | Found a broken altar of Ashenzari.
    46 | D        | Became a worshipper of the Shining One
    63 | D        | Reached XP level 2. HP: 9/20 MP: 2/2
   282 | D        | Reached * piety under the Shining One
   325 | D        | Noticed a sky beast
   325 | D        | Reached ** piety under the Shining One
   331 | D        | Reached XP level 3. HP: 24/24 MP: 3/3
   345 | D        | Killed a sky beast
   346 | D        | Reached XP level 4. HP: 18/32 MP: 4/4
   346 | D        | Reached XP level 5. HP: 20/36 MP: 5/5
   476 | D        | Reached *** piety under the Shining One
   480 | D        | Noticed a flying skull
   480 | D        | Reached **** piety under the Shining One
   507 | D        | Killed a flying skull
   507 | D        | Reached ***** piety under the Shining One
   508 | D        | Reached XP level 6. HP: 44/44 MP: 6/6
   528 | D        | Reached XP level 7. HP: 27/49 MP: 7/7
   660 | D        | Noticed a wraith
   676 | D        | Killed a wraith
   688 | D        | Reached ****** piety under the Shining One
   695 | D        | Noticed a tarantella
   695 | D        | Noticed a merfolk siren
   701 | D        | Killed a tarantella
   702 | D        | Reached skill level 10 in Shields
   702 | D        | Reached XP level 8. HP: 56/56 MP: 10/10
   711 | D        | Killed a merfolk siren
   712 | D        | Reached skill level 10 in Maces & Flails
   712 | D        | Reached skill level 5 in Invocations
   858 | D        | Noticed a freezing wraith
   873 | D        | The Shining One protects you from harm!
   874 | D        | Killed a freezing wraith
   876 | D        | Reached skill level 10 in Armour
   876 | D        | Reached XP level 9. HP: 26/62 MP: 9/13
  1055 | D        | Noticed a tyrant leech
  1055 | D        | Noticed a smoke demon
  1055 | D        | Noticed an orc sorcerer
  1060 | D        | Paralysed by a floating eye for 2 turns
  1065 | D        | Paralysed by a floating eye for 4 turns
  1074 | D        | Noticed a sun demon
  1076 | D        | HP: 1/93 [tyrant leech (10)]
  1077 | D        | The Shining One protects you from harm!
  1078 | D        | The Shining One protects you from harm!
  1080 | D        | Noticed a sixfirhy
  1083 | D        | Killed a tyrant leech
  1084 | D        | Reached skill level 10 in Fighting
  1085 | D        | Paralysed by an orc sorcerer for 2 turns
  1086 | D        | The Shining One protects you from harm!
  1087 | D        | HP: 2/62 [orc sorcerer (3)]
  1088 | D        | Noticed an ice devil
  1091 | D        | Killed an orc sorcerer
  1096 | D        | Killed a smoke demon
  1309 | D        | Noticed a polar bear
  1310 | D        | Noticed a black mamba
  1330 | D        | Killed a black mamba
  1339 | D        | Killed a polar bear
  1340 | D        | Reached XP level 10. HP: 63/68 MP: 16/16
  1353 | D        | Noticed an emperor scorpion
  1396 | D        | Noticed a smoke demon
  1399 | D        | The Shining One protects you from harm!
  1401 | D        | Killed from afar by a smoke demon

Illustrated notes

Levels and vault maps discovered:
D:        pitsprint [storerooms_1, entrance_room_1, metal_vault_3, armoury_2,
          mini_pit_1, grid_room_1, main_hall_1, silver_pit, the_coven_3,
          the_vestibule_1, steel_vault_3, golden_pit, hallway_of_sentries,
          crystal_vault_6, iron_vault_1, final_vault]

Skill      XL: |  1  2  3  4  5  6  7  8  9 |
---------------+----------------------------+-----
Fighting       | 4 6 7 8 9 10 | 10.8
Armour         | 4 6 8 9 10 11 | 11.1
Shields        | 4 6 7 8 10 11 12 | 12.9
Maces & Flails | 4 6 7 9 10 12 | 12.0
Invocations    | 3 6 8 |  8.4
Stealth        | |  0.8

Action                   |  1- 3 |  4- 6 |  7- 9 | 10-12 || total
-------------------------+-------+-------+-------+-------++-------
Melee: Mace              |    33 |     2 |       |       ||    35
       Flail             |     1 |    40 |    59 |       ||   100
       Morningstar       |       |       |    62 |    34 ||    96
Invok: Cleansing Flame   |       |       |     1 |     2 ||     3
       Divine Shield     |       |       |     1 |       ||     1
  Use: Potion            |       |     1 |     9 |     3 ||    13
Armor: Scale mail        |    21 |    31 |    36 |       ||    88
       Plate armour      |       |       |   109 |    42 ||   151
Dodge: Dodged            |     8 |    27 |    56 |    14 ||   105
Block: Kite shield       |    17 |    28 |   138 |    41 ||   224
